 Dungeon Crawl Stone Soup version 0.30-a0-1163-gf69bf04e7a (webtiles) character file.

Game seed: 3863889361600835298

63 sircluck the Trooper (level 3, -5/49 HPs)
             Began as a Minotaur Fighter on Apr 28, 2023.
             Was a Follower of Trog.
             Slain by a gnoll
             ... wielding a +0 halberd
             ... led by a gnoll sergeant
              (8 damage)
             ... on level 3 of the Dungeon.
             The game lasted 00:02:55 (1646 turns).

sircluck the Trooper (Minotaur Fighter)             Turns: 1646, Time: 00:02:56

Health: -5/49      AC:  7    Str: 22    XL:     3   Next: 89%
Magic:  2/2        EV:  9    Int:  5    God:    Trog [*.....]
Gold:   98         SH:  4    Dex:  9    Spells: 2/2 levels left

rFire   . . .        a - +0 war axe
rCold   . . .        c - +0 buckler
rNeg    . . .        b - +0 scale mail
rPois   .            (helmet restricted)
rElec   .            (no cloak)
rCorr   .            (no gloves)
SInv    .            (no boots)
Will    .....        (no amulet) Stlth
                     (no ring)
HPRegen 0.28/turn    (no ring)
MPRegen 0.08/turn

%: no passive effects
@: berserking, very quick
A: horns 2, retaliatory headbutt
a: Renounce Religion, Berserk


You were on level 3 of the Dungeon.
You worshipped Trog.
Trog was aware of your devotion.
You visited 1 branch of the dungeon, and saw 3 of its levels.

You collected 98 gold pieces.

Inventory:

Hand Weapons
 a - a +0 war axe (weapon)
Armour
 b - a +0 scale mail (worn)
 c - a +0 buckler (worn)
Jewellery
 i - an amulet of magic regeneration
Scrolls
 e - 2 scrolls of blinking {unknown}
 k - 2 scrolls of teleportation {unknown}
 o - a scroll of identify {unknown}
 p - a scroll of immolation {unknown}
Potions
 d - 3 potions of might
 f - 2 potions of flight {unknown}
 g - a potion of ambrosia {unknown}
 h - a potion of resistance {unknown}
 l - 4 potions of curing {unknown}
 m - a potion of magic {unknown}
 n - a potion of experience {unknown}
 r - a potion of cancellation {unknown}
 s - a potion of haste {unknown}
 t - a potion of heal wounds {unknown}


   Skills:
 + Level 4.1 Fighting
 + Level 3.4 Axes
 + Level 1.1 Throwing
 + Level 4.1 Armour
 + Level 0.4 Dodging
 + Level 4.0 Shields


You had 2 spell levels left.
You didn't know any spells.
Your spell library contained the following spells:

 Spells                   Type           Power      Damage    Failure   Level
 Sting                    Tmut/Pois      0%         1d3       86%         1
 Poisonous Vapours        Pois/Air       0%         N/A       94%         2
 Hailstorm                Conj/Ice       0%         3d3       99%         3
 Ice Form                 Ice/Tmut       0%         N/A       100%        4
 Olgreb's Toxic Radiance  Pois           0%         N/A       100%        4
 Simulacrum               Ice/Necr       0%         N/A       100%        6


Dungeon Overview and Level Annotations

Branches:
Dungeon (3/15)

Altars:
Dithmenos
Trog


Innate Abilities, Weirdness & Mutations

You have a pair of horns on your head.
You reflexively headbutt those who attack you in melee.


Message History

You throw a javelin. The javelin barely misses the gnoll.
You throw a javelin. The javelin closely misses the gnoll.
An orc wizard comes into view. It is wielding a +0 dagger.
You throw a javelin. The javelin pierces through the gnoll.
The gnoll is lightly wounded.
The javelin pierces through the gnoll!
The gnoll is almost dead.
The javelin closely misses the orc wizard.
Nothing quivered!
A frilled lizard comes into view.
The frilled lizard hisses angrily.
You hear a shout!
The gnoll hits you with a +0 halberd! The gnoll closely misses you.
An orc comes into view. It is wielding a +0 dagger.
The frilled lizard moves out of view.
You hear a shout!
The orc shouts!
You hit the gnoll.
The gnoll is heavily wounded.
You hear an angry hiss.
The gnoll hits you with a +0 halberd. The gnoll closely misses you.
An adder comes into view.
The gnoll hits you with a +0 flail! The gnoll hits you with a +0 halberd.
* * * LOW HITPOINT WARNING * * *
The gnoll closely misses you. You block the gnoll's attack.
The gnoll attacks as you move away! You block the gnoll's attack.
The gnoll attacks as you move away! The gnoll hits you but does no damage.
You closely miss the gnoll.
The gnoll is heavily wounded.
The gnoll hits you with a +0 flail!
* * * LOW HITPOINT WARNING * * *
A red film seems to cover your vision as you go berserk!
You feel yourself moving faster!
You feel mighty!
The gnoll hits you from afar with a +0 halberd.
* * * LOW HITPOINT WARNING * * *
The gnoll barely misses you.
You completely miss the gnoll.
The gnoll is heavily wounded.
The gnoll hits you from afar with a +0 halberd!
You die...

###########....
#....o........>
#.##S..og......
#.##g####...... #.##g#
..... #.##o# ....
#.##.##g# o.( #.##.##g#
.S #.##.##@# .
#.##.##.# #.##.##.#
#.##....# #.####..#
#####.## #..#
######......###..####.#
...)........>..........
######......###........


You could see a gnoll sergeant, an orc wizard, 3 gnolls, an adder and an orc.

Vanquished Creatures
  A worm (D:2)
  2 dart slugs
  An orc (D:3)
  6 ball pythons
  5 bats
  6 endoplasms
  4 giant cockroaches
  6 goblins
  5 hobgoblins
  4 jackals (D:1)
  2 quokkas
  A frilled lizard (D:2)
  A kobold (D:1)
  2 rats (D:1)
46 creatures vanquished.

Notes
Turn   | Place    | Note
-------+----------+-------------------------------------------
     0 | D:1      | sircluck the Minotaur Fighter began the quest for the Orb.
     0 | D:1      | Reached XP level 1. HP: 19/19 MP: 0/0
   296 | D:1      | Reached XP level 2. HP: 25/27 MP: 1/1
   985 | D:2      | Found a shadowy altar of Dithmenos.
   991 | D:2      | Reached XP level 3. HP: 28/33 MP: 2/2
  1327 | D:2      | Reached skill level 1 in Throwing
  1515 | D:3      | Found a faded altar of an unknown god.
  1572 | D:3      | Prayed at the altar of an unknown god.
  1572 | D:3      | Became a worshipper of Trog the Wrathful
  1572 | D:3      | Reached * piety under Trog
  1627 | D:3      | Noticed a gnoll sergeant
  1645 | D:3      | HP: 2/49 [gnoll/+0 halberd[a gnoll sergeant] (4)]
  1646 | D:3      | Slain by a gnoll

Illustrated notes

Levels and vault maps discovered:
D:1:      matt_arrival_grand_opening, layout_basic
D:2:      layout_basic, basic_altar, uniq_crazy_yiuf_cottage
D:3:      layout_loops_ring, lemuel_tele_altar,
          dreamdust_ecumenical_altar_statues

Skill      XL: |  1  2  3 |
---------------+----------+-----
Armour         | 4 |  4.1
Fighting       | 4 |  4.1
Shields        | 4 |  4.0
Axes           | 3 |  3.4
Throwing       | 1 |  1.1
Dodging        | |  0.4

Action                     || total
---------------------------++-------
  Melee: War axe           ||    59
         Headbutt          ||     5
  Throw: Stone             ||    18
         Javelin           ||    21
         Dart              ||     6
 Invoke: Berserk           ||     1
 Armour: Scale mail        ||    32
  Dodge: Dodged            ||    42
  Block: Buckler           ||     8

Table legend: (Time is in decaauts)
 A = Elapsed time spent in this place.
 B = Non-inter-level travel time spent in this place.
 C = Inter-level travel time spent in this place.
 D = Time resting spent in this place.
 E = Time spent auto-exploring this place.
 F = Levels seen in this place.
 G = Mean time per level.
                   A        B        C        D        E       F      G
               +--------+--------+--------+--------+--------+-----+--------+
         Total |   1680 |   1561 |    119 |      0 |   1283 |   3 |  560.0 |
       Dungeon |   1680 |   1561 |    119 |      0 |   1283 |   3 |  560.0 |
               +--------+--------+--------+--------+--------+-----+--------+

Top non-repeatable levels by time:
     D:1: 998 daAuts
     D:2: 542 daAuts
     D:3: 139 daAuts
